Map: Dusk Towers

Players

gnarwhal

  • Race: Zerg Zerg
  • League: Diamond

SavageSam - Winner!

  • Race: Protoss Protoss

VOD

Have the link to the VOD?

Description

Time

  • Played on: June 12, 2016, 4:43 p.m.
  • Length: 9:19
Show
View Real Time Build Order
Export as new Build Order

gnarwhal Zerg 

Build Orders: Hatch First 

Get SALT Encoding   

  12  0:01  Drone  
  13  0:08  Drone  
  14  0:17  Overlord  
  14  0:23  Extractor  
  14  0:24  Drone  
  15  0:37  Drone  
  15  0:38  Drone  
  17  0:54  Drone  
  17  0:55  Hatchery  
  17  0:58  Drone  
  17  1:02  Extractor  
  17  1:14  Spawning Pool  
  17  1:17  Drone  
  17  1:20  Drone  
  18  1:27  Drone  
  19  1:38  Overlord  
  19  1:55  Drone  
  19  2:00  Drone  
  21  2:06  Queen  
  21  2:07  Queen  
  25  2:09  Metabolic Boost  
  25  2:12  Zergling x2  
  26  2:16  Drone  
  26  2:19  Drone  
  28  2:23  Drone  
  28  2:29  Drone  
  30  2:35  Drone  
  31  2:40  Zergling x2  
  31  2:42  Drone  
  33  2:50  Drone  
  34  2:54  Pneumatized Carapace  
  34  2:59  Drone  
  34  3:05  Hatchery, Overlord x2  
  34  3:16  Drone x2  
  36  3:24  Baneling Nest  
  35  3:27  Drone x3  
  35  3:28  Drone x3  
  41  3:36  Drone  
  41  3:39  Lair  
  42  3:41  Extractor  
  42  3:42  Extractor  
  42  3:43  Drone  
  41  3:54  Drone  
  41  3:55  Drone x2  
  44  3:56  Drone, Extractor  
  44  3:57  Drone x4  
  48  4:08  Evolution Chamber  
  47  4:10  Evolution Chamber  
  45  4:24  Queen  
  45  4:28  Drone x2  
  45  4:30  Overlord x2  
  45  4:31  Drone x5  
  53  4:33  Drone  
  55  4:40  Roach Warren  
  54  4:46  Zerg Missile Weapons Level 1  
  54  4:47  Hydralisk Den  
  54  4:49  Zergling x2  
  54  4:50  Zergling x2  
  54  4:51  Zergling x2  
  56  4:53  Zergling x2  
  56  4:55  Zergling x2  
  56  4:57  Zergling x2  
  56  4:59  Zergling x2  
  60  5:01  Overseer  
  60  5:02  Overseer  
  60  5:11  Spore Crawler  
  59  5:14  Spine Crawler  
  59  5:17  Spore Crawler  
  59  5:18  Muscular Augments, Spine Crawler  
  56  5:27  Spore Crawler, Spine Crawler  
  54  5:30  Drone, Hydralisk  
  54  5:32  Hydralisk  
  59  5:38  Overlord  
  59  5:40  Overlord  
  59  5:47  Centrifical Hooks  
  59  5:54  Hydralisk x2  
  59  5:56  Hydralisk  
  65  6:08  Hydralisk x3  
  65  6:10  Hydralisk  
  73  6:19  Hydralisk x2  
  76  6:37  Hydralisk x2  
  80  6:40  Overlord x2  
  80  7:00  Baneling  
  80  7:01  Baneling x5  
  80  7:05  Zergling x10  
  80  7:06  Hydralisk x5  
  95  7:09  Zergling x2  
  95  7:10  Zergling x2  
  97  7:22  Zergling x2  
  98  7:25  Overlord x2  
  98  7:35  Infestation Pit  
  98  7:36  Drone  
  98  7:44  Drone x2  
  98  7:45  Hatchery, Drone x3  
  98  7:47  Drone  
  98  7:49  Drone  
  98  8:10  Drone x3, Extractor  
  98  8:11  Drone x3, Extractor  
  102  8:14  Drone  
  102  8:15  Drone x2  
  102  8:16  Drone  
  102  8:17  Drone  
  102  8:19  Drone  
  108  8:21  Drone  
  106  8:40  Hydralisk x6  
  112  8:43  Zergling x2  
  112  8:46  Baneling  
  112  8:47  Baneling x7  
  112  8:48  Baneling x2  
  113  8:49  Baneling  
  113  8:54  Overlord x2  
Show
View Real Time Build Order
Export as new Build Order

SavageSam Protoss - Winner!

Build Orders: Nexus First, Zealot Archon 

Get SALT Encoding   

  12  0:01  Probe (Chrono Boost)  
  13  0:12  Probe (Chrono Boost)  
  14  0:22  Probe (Chrono Boost)  
  15  0:33  Pylon  
  15  0:51  Probe (Chrono Boost)  
  16  1:02  Probe (Chrono Boost)  
  17  1:05  Nexus  
  17  1:06  Assimilator  
  17  1:19  Gateway  
  17  1:20  Probe (Chrono Boost)  
  18  1:31  Probe (Chrono Boost)  
  19  1:41  Probe (Chrono Boost)  
  20  1:49  Pylon  
  20  1:52  Assimilator, Probe (Chrono Boost)  
  21  2:02  Probe (Chrono Boost)  
  22  2:14  Probe (Chrono Boost)  
  23  2:19  Probe (Chrono Boost)  
  23  2:20  Zealot  
  26  2:27  Probe (Chrono Boost), Cybernetics Core  
  26  2:29  Probe (Chrono Boost)  
  28  2:37  Probe (Chrono Boost)  
  28  2:40  Probe (Chrono Boost)  
  28  2:42  Pylon  
  30  2:56  Probe x2 (Chrono Boost)  
  32  3:05  Probe (Chrono Boost)  
  32  3:06  Probe (Chrono Boost), Robotics Facility  
  32  3:07  Warp Gate (Chrono Boost), Stalker  
  36  3:18  Assimilator, Probe  
  38  3:22  Mothership Core  
  39  3:30  Probe  
  40  3:36  Assimilator  
  40  3:39  Pylon  
  40  3:41  Stalker  
  40  3:42  Probe  
  40  3:47  Probe, Gateway x2  
  43  3:54  Observer, Probe  
  46  3:57  Probe  
  47  4:15  Warp Prism  
  49  4:22  Probe  
  49  4:23  Probe  
  51  4:39  Probe  
  51  4:41  Probe  
  53  4:47  Twilight Council  
  53  4:51  Immortal  
  57  5:00  Adept x2  
  57  5:05  Pylon  
  61  5:07  Pylon  
  61  5:09  Pylon  
  61  5:13  Resonating Glaives (Chrono Boost)  
  61  5:19  Probe  
  62  5:22  Probe  
  62  5:23  Pylon  
  62  5:26  Pylon  
  62  5:27  Pylon  
  62  5:28  Adept  
  65  5:35  Adept  
  67  5:36  Adept  
  67  5:40  Immortal (Chrono Boost)  
  73  5:50  Gateway  
  73  5:51  Gateway  
  73  5:53  Gateway  
  73  5:55  Gateway  
  73  6:05  Adept  
  73  6:06  Adept x2  
  79  6:14  Templar Archives  
  79  6:15  Immortal (Chrono Boost)  
  83  6:38  Charge  
  83  6:47  Adept x3  
  83  6:49  Immortal (Chrono Boost)  
  83  6:54  High Templar x3  
  95  6:55  High Templar  
  101  7:02  Archon x2  
  103  7:23  Adept x3, Immortal (Chrono Boost)  
  109  7:57  Pylon  
  109  7:59  Pylon  
  109  8:00  Pylon x2  
  109  8:03  Pylon  
  109  8:04  Pylon  
  109  8:06  Pylon  
  109  8:19  Zealot x5  
  119  8:20  Zealot x2  
  119  8:52  Zealot x4  
  119  8:53  Zealot x3  
Tags
 
Add a new tag
Caveats
  • Supply blocks, unpowered buildings, or Contaminate may cause inaccurate times.
  • Supply counts are checked every 10 seconds.